Map: Ulrena

Players

Tom

  • Race: Terran Terran
  • League: Grandmaster

Miszu - Winner!

  • Race: Terran Terran
  • League: Grandmaster

VOD

Have the link to the VOD?

Description

Time

  • Played on: Feb. 10, 2016, 1:19 p.m.
  • Length: 11:41
Show
View Real Time Build Order
Export as new Build Order

Tom Terran 

Build Orders: 1/1/1, Bio Tank, Banshee Rush 

Get SALT Encoding   

  12  0:01  SCV  
  13  0:13  SCV  
  14  0:17  Supply Depot  
  14  0:25  SCV  
  15  0:29  Refinery  
  15  0:39  SCV  
  16  0:45  Barracks  
  16  0:51  SCV  
  17  1:03  SCV  
  18  1:11  Refinery  
  18  1:15  SCV  
  20  1:33  Factory  
  20  1:34  Orbital Command  
  19  1:42  Reaper  
  19  1:44  Supply Depot  
  20  2:00  SCV  
  21  2:12  SCV  
  21  2:14  Reaper  
  23  2:19  Starport, Hellion  
  25  2:24  SCV  
  25  2:28  Supply Depot  
  26  2:36  SCV  
  27  2:41  Hellion  
  29  2:48  SCV  
  30  3:00  Starport Tech Lab, SCV  
  30  3:05  Factory Tech Lab  
  30  3:06  Barracks Reactor  
  30  3:12  SCV  
  31  3:21  Cloaking Field, Banshee  
  31  3:24  SCV  
  35  3:28  Supply Depot  
  35  3:29  Siege Tank  
  38  3:36  SCV  
  39  3:49  Marine x2, SCV  
  40  4:01  SCV  
  38  4:02  Supply Depot  
  38  4:04  Banshee  
  38  4:09  Marine x2, Siege Tank  
  46  4:16  Supply Depot  
  46  4:19  SCV  
  47  4:27  Marine x2  
  47  4:31  SCV  
  50  4:41  Siege Tank  
  50  4:44  Marine x2  
  52  4:49  Supply Depot  
  52  4:54  Command Center, Banshee  
  52  4:57  SCV  
  56  5:04  Marine x2  
  58  5:18  Siege Tank  
  57  5:22  Marine x2  
  59  5:32  SCV  
  57  5:37  Barracks x2  
  57  5:40  Marine x2  
  55  5:48  SCV  
  45  5:59  Marine x2  
  45  6:00  SCV  
  45  6:08  Starport Reactor, Orbital Command  
  45  6:09  Siege Tank  
  48  6:13  SCV  
  49  6:21  Marine x2  
  49  6:25  Barracks Tech Lab  
  51  6:26  SCV  
  51  6:30  Marine, Stimpack  
  53  6:35  Refinery  
  53  6:36  SCV  
  53  6:39  Marine x2, SCV  
  53  6:46  Marine  
  54  6:48  Marine, SCV  
  54  6:51  SCV  
  50  6:57  Marine x2  
  51  7:04  Marine  
  51  7:06  Marine  
  53  7:15  Marine x2  
  56  7:22  Marine  
  56  7:23  Medivac x2  
  56  7:24  Marine  
  56  7:25  Siege Tank  
  64  7:32  Marine  
  64  7:33  Marine  
  64  7:34  Supply Depot  
  66  7:40  Marine  
  66  7:41  Marine  
  68  7:50  Marine x2  
  70  7:52  Barracks  
  70  7:55  Barracks  
  70  7:57  Marine  
  70  7:59  Marine  
  70  8:03  Siege Tank  
  74  8:08  Supply Depot, Marine x2  
  74  8:10  Medivac x2  
  80  8:15  Marine  
  80  8:17  Supply Depot, Marine  
  82  8:26  Marine x2  
  82  8:33  Marine  
  68  8:35  Marine, Siege Tank  
  71  8:44  Barracks Reactor x2, Marine x2, Combat Shields  
  73  8:51  Marine  
  73  8:53  Marine  
  75  8:56  Medivac  
  75  9:00  Refinery  
  75  9:02  Marine x2  
  79  9:08  Supply Depot  
  79  9:09  Marine  
  80  9:11  Marine  
  80  9:12  Siege Tank  
  84  9:19  Marine x2  
  84  9:20  Marine  
  86  9:27  Marine x2  
  86  9:28  Marine x2  
  86  9:31  Marine  
  90  9:33  Medivac  
  90  9:37  Marine x2  
  90  9:38  Marine  
  95  9:44  Marine  
  95  9:45  Marine x2  
  97  9:46  Marine  
  97  9:49  Marine  
  97  9:52  Medivac, Siege Tank  
  79  9:55  Marine x2  
  79  9:56  Marine  
  80  10:02  Marine  
  80  10:03  Marine x2  
  80  10:04  Marine  
  80  10:07  Marine  
  84  10:13  Marine x2  
  84  10:19  Marine  
  84  10:20  Marine  
  84  10:21  Marine x2  
  86  10:22  Marine  
  86  10:24  Marine, Siege Tank  
  92  10:31  Marine  
  92  10:34  Marine  
  73  10:36  Marine  
  73  10:39  Marine  
  73  10:40  Marine  
  73  10:41  Marine x2  
  73  10:42  Marine  
  71  10:48  Marine  
  72  10:52  Marine  
  72  10:54  Marine  
  69  10:57  Marine  
  69  10:59  Marine x2  
  69  11:01  Marine  
  73  11:09  Marine x2  
  73  11:10  Marine  
  76  11:16  Marine x2  
  78  11:19  Marine x2  
  78  11:20  Marine  
Show
View Real Time Build Order
Export as new Build Order

Miszu Terran - Winner!

Build Orders:  

Get SALT Encoding   

  12  0:00  SCV  
  13  0:12  SCV  
  14  0:19  Supply Depot  
  14  0:25  SCV  
  15  0:40  SCV  
  15  0:42  Barracks  
  16  0:46  Refinery  
  16  0:52  SCV  
  17  1:05  SCV  
  18  1:17  SCV  
  19  1:32  Orbital Command  
  19  1:33  Barracks Reactor  
  19  1:45  Command Center  
  19  1:52  Supply Depot  
  19  1:58  SCV  
  20  2:10  SCV  
  20  2:11  Marine  
  20  2:12  Marine  
  23  2:17  Factory  
  23  2:27  SCV  
  23  2:29  Marine  
  25  2:31  Bunker  
  25  2:32  Marine  
  26  2:44  SCV  
  26  2:52  Marine x2  
  26  2:56  SCV  
  29  3:01  Starport, Widow Mine  
  31  3:07  Refinery  
  31  3:09  Marine, SCV  
  33  3:15  Orbital Command  
  33  3:21  SCV  
  33  3:26  Engineering Bay  
  34  3:31  Factory Tech Lab  
  34  3:33  SCV  
  35  3:44  SCV  
  35  3:45  SCV  
  37  3:52  Marine x2  
  38  3:56  SCV  
  38  3:58  SCV  
  38  4:00  Cyclone  
  42  4:04  Viking  
  42  4:08  SCV  
  45  4:15  Missile Turret  
  45  4:17  SCV  
  45  4:18  Missile Turret  
  46  4:25  Supply Depot  
  46  4:27  Marine  
  44  4:39  SCV  
  44  4:45  SCV  
  46  4:47  Viking, Siege Tank  
  46  4:48  Supply Depot  
  51  4:53  Missile Turret  
  51  4:56  SCV  
  51  4:57  Marine  
  53  5:00  SCV  
  54  5:10  Marine, SCV  
  55  5:15  Marine  
  52  5:30  SCV  
  52  5:31  SCV  
  52  5:33  Marine  
  54  5:42  SCV  
  52  5:44  SCV  
  52  5:49  Marine  
  50  5:50  Siege Tank  
  50  5:51  Marine  
  50  5:54  SCV  
  50  5:56  SCV  
  49  6:03  Viking  
  51  6:05  Terran Infantry Weapons Level 1, Barracks  
  51  6:06  Barracks, SCV  
  51  6:07  Marine  
  51  6:08  SCV  
  51  6:09  Marine  
  55  6:18  SCV  
  55  6:20  SCV  
  55  6:24  Marine  
  58  6:31  Marine  
  58  6:32  Siege Tank  
  62  6:52  Marine x2, SCV  
  62  6:56  SCV  
  60  7:05  SCV  
  60  7:08  SCV  
  56  7:11  Barracks Tech Lab x2  
  56  7:12  Viking  
  53  7:16  Refinery x2  
  53  7:17  SCV  
  53  7:18  Barracks  
  53  7:20  SCV  
  53  7:23  Siege Tank  
  53  7:26  Barracks  
  53  7:28  Barracks Reactor  
  53  7:29  Supply Depot, SCV  
  57  7:31  Supply Depot, Stimpack  
  57  7:32  SCV  
  57  7:34  Combat Shields  
  57  7:36  Marine  
  59  7:41  SCV  
  59  7:43  Marine  
  61  7:44  SCV  
  62  7:53  SCV  
  62  7:54  Marine  
  62  7:55  Siege Tank  
  62  7:56  SCV  
  62  7:58  Supply Depot  
  68  8:01  Marine  
  68  8:05  SCV  
  70  8:06  Supply Depot, Marine x3  
  70  8:09  Medivac, SCV  
  70  8:12  Marine, Terran Infantry Armor Level 1  
  77  8:14  Marine  
  77  8:19  Marine  
  80  8:20  SCV  
  80  8:24  Marine x3  
  78  8:30  Marine  
  78  8:32  Marine  
  77  8:37  Marine  
  78  8:42  Marine x3  
  78  8:43  Medivac x2  
  78  8:45  Siege Tank  
  78  8:47  Marine  
  89  8:50  Marine  
  89  8:52  Supply Depot  
  89  8:55  Supply Depot, Marine  
  91  8:59  SCV  
  91  9:00  Marine x2  
  94  9:13  Marine x4, Medivac x2  
  102  9:17  Marine  
  102  9:18  Supply Depot, Marine  
  102  9:20  Supply Depot  
  101  9:28  Siege Tank  
  101  9:31  Marine x4  
  102  9:35  Marine  
  107  9:43  Medivac  
  108  9:52  Marine  
  98  9:53  Marine x5  
  98  9:59  Medivac  
  105  10:00  Siege Tank  
  106  10:10  Marine x5  
  109  10:19  Marine  
  108  10:21  Medivac  
  108  10:28  Marine x5  
  111  10:29  Medivac  
  111  10:32  Siege Tank  
  109  10:37  Marine  
  107  10:46  Marine x5  
  111  10:55  Marine  
  109  11:03  Marine  
  109  11:04  Marine x4, Siege Tank  
  116  11:13  Marine  
  116  11:14  Command Center  
  117  11:21  Marine  
  117  11:22  Marine x3  
Tags
 
Composition
Bio Tank
Matchup
TvT
Opening
1/1/1
Race
Terran
Strategy
Banshee Rush
Add a new tag
Caveats
  • Supply blocks, unpowered buildings, or Contaminate may cause inaccurate times.
  • Supply counts are checked every 10 seconds.